 Bloatcrawl 2 version 2.3.0-a0-4-gb78c767 (webtiles) character file.

Game seed: 3271090321086732307, levelgen mode: deterministic

2 Bigchungus the Slasher (level 1, 0/2 HPs)
             Began as a Moonotaur Warrior on Jan 4, 2020.
             Was a Follower of Okawaru.
             Slain by a kobold (1 damage)
             ... on level 1 of the Dungeon.
             The game lasted 00:00:36 (188 turns).

Bigchungus the Slasher (Moonotaur Warrior)           Turns: 188, Time: 00:00:36

Health: 0/2        AC:  4    Str: 17    XL:     1   Next: 26%
Magic:  2/2        EV:  9    Int:  9    God:    Okawaru [*.....]
Gold:   14         SH:  0    Dex: 13    Spells: 0/0 levels left Game modifiers: None

rFire    . . .     SeeInvis .   a - -2 falchion
rCold    . . .     Gourm    .   (no shield)
rNeg     . . .     Faith    .   b - -2 scale mail
rPois    ∞         Spirit   .   d - +0 hat
rElec    .         Reflect  .   (no cloak)
rCorr    .         Harm     .   c - -1 pair of gloves
MR       .....                  (no boots)
Stlth    ..........             (no amulet)
HPRegen  0.00/turn              (no ring)
MPRegen  0.08/turn              (no ring)

@: no status effects
A: reduce all damage to 1, reduced healing, inhibited regeneration, no potion
heal 3
a: Heroism, Renounce Religion


You were on level 1 of the Dungeon.
You worshipped Okawaru.
Okawaru was aware of your devotion.
You were not hungry.

You visited 1 branch of the dungeon, and saw 1 of its levels.

You collected 14 gold pieces.

Inventory:

Hand Weapons
 a - a -2 falchion (weapon)
 e - a -1 dagger
 f - a -6 bardiche
 g - a -6 executioner's axe
 h - a -6 triple sword
 i - a -2 hunting sling
 j - a -2 shortbow
 k - a -2 hand crossbow
Missiles
 l - a javelin (quivered)
Armour
 b - a -2 scale mail (worn)
 c - a -1 pair of gloves (worn)
 d - a +0 hat (worn)
Scrolls
 n - a scroll of identify {unknown}
Comestibles
 m - a ration


   Skills:
 + Level 1.7 Fighting
 + Level 2.2 Long Blades
 + Level 1.6 Armour
 + Level 0.7 Dodging
 + Level 1.4 Invocations


You couldn't memorise any spells.
You didn't know any spells.
Your spell library was empty.

Dungeon Overview and Level Annotations

Branches:
Dungeon (1/15)

Altars:


Innate Abilities, Weirdness & Mutations

You take but a single point of damage from any source Healing from other sources has reduced effect on you You are immune to poison.
You do not regenerate when monsters are visible.
Potions cannot restore your health.


Message History

You kill the rat!
Okawaru accepts your kill.
A kobold comes into view. It is wielding a +0 short sword.
Unknown command.
The frilled lizard closely misses you.
You riposte.
You closely miss the frilled lizard. You closely miss the frilled lizard.
The frilled lizard bites you but does no damage.
You miss the frilled lizard. The frilled lizard bites you.
Ouch! That really hurt!
Unknown command.
You miss the frilled lizard.
The frilled lizard bites you but does no damage.
The frilled lizard closely misses you.
You hit the frilled lizard.
You kill the frilled lizard!
Okawaru accepts your kill.
You barely miss the kobold. The kobold hits you.
Ouch! That really hurt!
You die...

#.###.#.#...#...#...
#.# #.###.### #.###.
#.# #.#...# #.....
#.# #.#.### #.<.##
#.# #.#.# #.....#
#.# #.#.# #.###.#
#.# #.### # #..
#.###.# #### #..@K.#
#####.# #.#
...l....# ........#
....K=..# .........
........# ..K......


You could see a kobold.

Vanquished Creatures
  A bat (D:1)
  A frilled lizard (D:1)
  A rat (D:1)
3 creatures vanquished.

Notes
Turn   | Place    | Note
-------+----------+-------------------------------------------
     0 | D:1      | Bigchungus the Moonotaur Warrior began the quest for the
                  | Orb.
     0 | D:1      | Reached XP level 1. HP: 2/2 MP: 2/2
   188 | D:1      | Slain by a kobold

Levels and vault maps discovered:
D:1:      psy_arrival_radial02, layout_basic

Action                   || total
-------------------------++-------
Melee: Falchion          ||     8
Armor: Scale mail        ||     3
Dodge: Dodged            ||     3
       Rpst.: Falchion   ||     2

Table legend:
 A = Non-vault XP
 B = Vault XP
 C = Vault XP percentage of total XP
 D = Non-vault monster count
 E = Vault monster count
 F = Vault count percentage of total count
                 A         B        C        D         E       F
            +---------+---------+-------+---------+---------+-------
      Total |       4 |       0 |   0.0 |       3 |       0 |   0.0
            +---------+---------+-------+---------+---------+-------
        D:1 |       4 |       0 |   0.0 |       3 |       0 |   0.0
            +---------+---------+-------+---------+---------+-------
